 Dungeon Sprint DCSS version 0.30-a0-643-g638baaf3f0 (webtiles) character file.

Game seed: 14037651371476610220

4539 Oxelix the Warrior (level 10, -1/162 HPs)
             Began as a Minotaur Berserker on Jan 16, 2023.
             Was a High Priest of Trog.
             Succumbed to a death drake's dark miasma
             ... in the Dungeon (Sprint II: "The Violet Keep of Menkaure").
             The game lasted 00:04:39 (973 turns).

Oxelix the Warrior (Minotaur Berserker)              Turns: 973, Time: 00:04:39

Health: -1/162     AC: 10    Str: 26    XL:     10   Next: 17%
Magic:  9/9        EV: 15    Int:  4    God:    Trog [*****.]
Gold:   951        SH:  0    Dex: 10    Spells: 9/9 levels left

rFire   . . .      SeeInvis .    a - +0 hand axe
rCold   + . .      Faith    .    (no shield)
rNeg    . . .      Spirit   .    i - +2 ring mail {rC+}
rPois   .          Reflect  .    (helmet restricted)
rElec   .          Harm     .    (no cloak)
rCorr   .          Rampage  .    (no gloves)
Will    .....      NoTele   +    (no boots) Stlth
                                 (no amulet)
HPRegen 0.47/turn                (no ring)
MPRegen 0.11/turn                (no ring)

@: berserking, lethally poisoned (-1 -> -85), slowed
A: horns 2, retaliatory headbutt
a: Renounce Religion, Berserk, Trog's Hand, Brothers in Arms


You were in the Dungeon.
You worshipped Trog.
Trog was extremely pleased with you.
You visited 1 branch You collected 1161 gold pieces.
You spent 210 gold pieces at shops.

Inventory:

Hand Weapons
 a - a +0 hand axe (weapon)
Armour
 i - a +2 ring mail of cold resistance (worn)
Scrolls
 h - a scroll of blinking
Potions
 c - a potion of curing
 d - 2 potions of heal wounds
 e - a potion of haste
 f - 2 potions of magic
 g - a potion of berserk rage


   Skills:
 + Level 16.4 Fighting
 - Level 14.0 Axes
 + Level 14.1 Armour
 + Level 13.0 Dodging


You had 9 spell levels left.
You didn't know any spells.
Your spell library was empty.

Dungeon Overview and Level Annotations

Branches:
Dungeon (1/1)

Altars:
Cheibriados
Dithmenos
Elyvilon
Fedhas
Gozag
Hepliaklqana
Kikubaaqudgha
Makhleb
Ru
Sif Muna
Trog
Jiyva
Lugonu

Shops:
D =(:=[!!:[=??*[(

Annotations:
D exclusions: ice statue, obsidian statue and oklob plant


Innate Abilities, Weirdness & Mutations

You have a pair of horns on your head.
You reflexively headbutt those who attack you in melee.


Message History

You are engulfed in dark miasma.
You are more poisoned.
You feel extremely sick. The death drake breathes miasma at you.
The foul vapour engulfs you!
You are more poisoned.
The death drake bites you.
You closely miss the death drake. Your headbutt misses the death drake.
The death drake is severely wounded.
You are engulfed in dark miasma.
You are lethally poisoned!
You feel extremely sick.
The swamp drake is engulfed in dark miasma.
The swamp drake seems to slow down.
You barely miss the death drake. Your headbutt misses the death drake.
The death drake is severely wounded.
You are engulfed in dark miasma.
You are more poisoned.
You feel as though you will be slow longer.
* * * LOW HITPOINT WARNING * * *
You feel extremely sick.
The swamp drake is no longer moving slowly.
The death drake bites you but does no damage.
You hit the death drake. You headbutt the death drake.
The death drake is severely wounded.
You are engulfed in dark miasma.
You are more poisoned.
You feel as though you will be slow longer.
* * * LOW HITPOINT WARNING * * *
x2 You feel extremely sick.
The death drake barely misses you. You furiously retaliate!
You headbutt the death drake! You slice the death drake!!
You kill the death drake!
Trog accepts your kill.
* * * LOW HITPOINT WARNING * * *
You feel extremely sick.
Your Armour skill increases to level 14!
Your Dodging skill increases to level 13!
Found 3 fizzy red potions.
You die...

≈°≈≈≈## ≈≈≈°≈≈##
§8≈≈≈§≈##++#
○§≈≈≈§##≈...### ≈§≈≈
e≈.....## +#+++##
#^...#!## ......#
+...^#9.# #+##..#
####.#kk#
...##.####÷.'.##@#
.#..#....#.÷#..)##
†#.####..#####..#
#†###.##..#..'^.#
#.##...#..#.:#..# #
.<.'###'..####..##.#
#.##...#....###...##▓▓▓
#'###.##......~~~~~~~~~
.).####~~.....~#+######


You could see a death drake, a crystal guardian and a swamp drake.

Vanquished Creatures
  An ice dragon (D)
  2 boulder beetles (D)
  A death drake (D)
  3 manticores (D)
  A merfolk siren (D)
  Menkaure (D)
  A water moccasin (D)
  A swamp drake (D)
  4 necrophages (D)
  5 scorpions (D)
20 creatures vanquished.

Vanquished Creatures (others)
  A water moccasin (D)
1 creature vanquished.

Grand Total: 21 creatures vanquished

Notes
Turn   | Place    | Note
-------+----------+-------------------------------------------
     0 | D        | Oxelix the Minotaur Berserker began the quest for the Orb.
     0 | D        | Reached XP level 1. HP: 19/19 MP: 0/0
     1 | D        | Noticed a scorpion
     1 | D        | Noticed a scorpion
     5 | D        | Killed a scorpion
     6 | D        | Reached skill level 6 in Fighting
     6 | D        | Reached XP level 2. HP: 24/30 MP: 1/1
     6 | D        | Reached XP level 3. HP: 30/37 MP: 2/2
     6 | D        | Noticed a scorpion
     6 | D        | Noticed a scorpion
     9 | D        | Killed a scorpion
    10 | D        | Reached skill level 7 in Fighting
    10 | D        | Reached XP level 4. HP: 28/47 MP: 3/3
    11 | D        | Killed a scorpion
    11 | D        | Reached ** piety under Trog
    12 | D        | Reached skill level 8 in Fighting
    12 | D        | Reached XP level 5. HP: 29/56 MP: 4/4
    14 | D        | Reached skill level 9 in Fighting
    87 | D        | Noticed Menkaure
    88 | D        | Killed Menkaure
    89 | D        | Reached XP level 6. HP: 49/64 MP: 5/5
    93 | D        | Found Keledgh's Magic Scroll Shop.
    93 | D        | Found Guuluih's Armour Boutique.
    93 | D        | Found Hikussuh's Jewellery Boutique.
    93 | D        | Found Fasoajop's Antique Weapon Shop.
    93 | D        | Found Kyleemolaech's Magic Scroll Boutique.
    93 | D        | Found Jolev's Book Shop.
    93 | D        | Found Nyaghyr's General Store.
    93 | D        | Found Kaqikkeror's Antique Armour Boutique.
   138 | D        | Found Louret's Distillery.
   138 | D        | Found Isauhiud's Distillery.
   140 | D        | Found Ehep's Antique Armour Boutique.
   140 | D        | Found Caejop's Jewellery Shop.
   140 | D        | Noticed a water moccasin
   140 | D        | Noticed a death yak
   140 | D        | Noticed an oklob plant
   140 | D        | Noticed a hell hog
   140 | D        | Noticed a hell hog
   141 | D        | Found Seusmip's Antique Weapon Shop.
   141 | D        | Found Ryexelu's Jewellery Boutique.
   141 | D        | Found Citied's Book Shoppe.
   154 | D        | Killed a water moccasin
   154 | D        | Reached *** piety under Trog
   155 | D        | Reached skill level 10 in Fighting
   175 | D        | Noticed a slime creature
   176 | D        | Killed a water moccasin
   183 | D        | Bought a shiny ring mail for 140 gold pieces
   193 | D        | Noticed a slime creature
   227 | D        | Noticed a boulder beetle
   227 | D        | Noticed a boulder beetle
   245 | D        | Killed a boulder beetle
   246 | D        | Reached skill level 12 in Fighting
   246 | D        | Reached XP level 7. HP: 77/77 MP: 6/6
   250 | D        | Killed a boulder beetle
   251 | D        | Reached skill level 13 in Fighting
   251 | D        | Reached XP level 8. HP: 61/86 MP: 7/7
   311 | D        | Reached skill level 10 in Armour
   314 | D        | Reached **** piety under Trog
   350 | D        | Noticed a merfolk siren
   362 | D        | Killed a merfolk siren
   363 | D        | Reached skill level 14 in Fighting
   363 | D        | Reached skill level 10 in Dodging
   363 | D        | Reached XP level 9. HP: 95/95 MP: 8/8
   372 | D        | Noticed an ice statue
   394 | D        | Bought a potion of heal wounds for 70 gold pieces
   414 | D        | Reached ***** piety under Trog
   449 | D        | Found an opulent altar of Gozag.
   460 | D        | Noticed an obsidian statue
   510 | D        | Found a blossoming altar of Fedhas.
   511 | D        | Found a white marble altar of Elyvilon.
   512 | D        | Found a shadowy altar of Dithmenos.
   512 | D        | Found a corrupted altar of Lugonu.
   512 | D        | Found a burning altar of Makhleb.
   513 | D        | Found a snail-covered altar of Cheibriados.
   513 | D        | Found an ancient bone altar of Kikubaaqudgha.
   513 | D        | Found a bloodstained altar of Trog.
   514 | D        | Found a viscous altar of Jiyva.
   514 | D        | Found a shimmering blue altar of Sif Muna.
   515 | D        | Found a hazy altar of Hepliaklqana.
   515 | D        | Found a sacrificial altar of Ru.
   519 | D        | Noticed an ice dragon
   532 | D        | Killed an ice dragon
   533 | D        | Reached skill level 15 in Fighting
   629 | D        | Noticed a manticore
   629 | D        | Noticed a manticore
   629 | D        | Noticed a manticore
   636 | D        | Killed a manticore
   638 | D        | Killed a manticore
   641 | D        | Killed a manticore
   642 | D        | Reached XP level 10. HP: 86/107 MP: 9/9
   675 | D        | Noticed a deep elf master archer
   950 | D        | Noticed a death drake
   952 | D        | Noticed a death drake
   953 | D        | Received a gift from Trog
   954 | D        | Reached skill level 16 in Fighting
   954 | D        | Noticed a crystal guardian
   972 | D        | Killed a death drake
   973 | D        | Succumbed to a death drake's dark miasma

Illustrated notes

Levels and vault maps discovered:
D:        the_violet_keep_of_menkaure [sprint2_stairs_cluster_1,
          sprint2_shoproom, sprint2_temple, sprint2_basic_supplies,
          sprint2_obstacle_2, sprint2_obstacle_4, sprint2_obstacle_3,
          sprint2_obstacle_6, sprint2_obstacle_5, sprint2_timed_cluster_1,
          sprint2_smallroom_cluster_1, sprint2_smallroom_final_cluster_1,
          sprint2_transparent_cluster_1, sprint2_second_timed_cluster_1,
          sprint2_sniper_area_1, sprint2_heavy_combat_area_1,
          sprint2_mutation_trap_area_1, sprint2_forest_area_1,
          sprint2_light_combat_area_1, sprint2_behind_water_1,
          sprint2_near_end_vault_1]

Skill      XL: |  1  2  3  4  5  6  7  8  9 10 |
---------------+-------------------------------+-----
Fighting       | 6 7 8 9 12 13 14 15 16 | 16.4
Axes           | 8 9 11 12 14 | 14.0
Armour         | 8 9 11 13 14 | 14.1
Dodging        | 7 9 10 12 13 | 13.0

Action                   |  1- 3 |  4- 6 |  7- 9 | 10-12 || total
-------------------------+-------+-------+-------+-------++-------
Melee: Hand axe          |     5 |    32 |    56 |    21 ||   114
       Headbutt          |     4 |     7 |    10 |     4 ||    25
       Punch             |       |     1 |       |       ||     1
Invok: Berserk           |     1 |     2 |     3 |     1 ||     7
Armor: Animal skin       |     1 |     2 |       |       ||     3
       Ring mail         |       |     2 |    15 |     5 ||    22
Dodge: Dodged            |     2 |     9 |    33 |     6 ||    50

Table legend: (Time is in decaauts)
 A = Elapsed time spent in this place.
 B = Non-inter-level travel time spent in this place.
 C = Inter-level travel time spent in this place.
 D = Time resting spent in this place.
 E = Time spent auto-exploring this place.
 F = Levels seen in this place.
 G = Mean time per level.
                   A        B        C        D        E       F      G
               +--------+--------+--------+--------+--------+-----+--------+
         Total |    996 |    984 |     12 |    631 |     98 |   1 |  996.0 |
       Dungeon |    996 |    984 |     12 |    631 |     98 |   1 |  996.0 |
               +--------+--------+--------+--------+--------+-----+--------+

Top non-repeatable levels by time:
       D: 996 daAuts
